TOP OF THE 1ST |
Reading Fightin Phils batting - Pitching for Springfield Cardinals : RHP Elijah Daniels
|
Pitching: RHP Elijah Daniels
|
|
Batting: LHB Osamu Kubo
|
0-0: SINGLE (Groundball, 34S, EV 77.5 MPH) (infield hit)
|
Batting: RHB Alberto Ramirez
|
0-0: Ball 1-0: Swinging Strike 1-1: Ball 2-1: Grounds into double play, 3-6-1 (Groundball, 34, EV 107.5 MPH)
|
Batting: SHB Benjamin Brown
|
0-0: Swinging Strike 0-1: Ball 1-1: SINGLE (Flyball, 5D, EV 90.6 MPH)
|
Batting: LHB Jose Fierro
|
0-0: Called Strike Benjamin Brown steals 2nd base (no throw) 0-1: Foul Ball, location: 2F 0-2: Ground out 6-3 (Groundball, 6, EV 93.1 MPH)
|
Top of the 1st over - 0 runs, 2 hits, 0 errors, 1 left on base; Reading 0 - Springfield 0 |
BOTTOM OF THE 1ST |
Springfield Cardinals batting - Pitching for Reading Fightin Phils : LHP Phuck II
|
Pitching: LHP Phuck II
|
|
Batting: RHB Tim Nettles
|
0-0: Called Strike 0-1: Foul Ball, location: 2F 0-2: Foul Ball, location: 2F 0-2: SINGLE (Line Drive, 6MD, EV 103.1 MPH)
|
Batting: RHB John Parra
|
0-0: Ball Wild Pitch! Tim Nettles to second 1-0: Called Strike 1-1: Ball 2-1: 2-RUN HOME RUN (Line Drive, 9D, EV 100.0 MPH), Distance : 395 ft
|
Batting: LHB Tim Olsen
|
0-0: Ball 1-0: Foul Ball, location: 2F 1-1: Ball 2-1: Swinging Strike 2-2: Ball 3-2: Base on Balls
|
Batting: RHB Jason Keller
|
0-0: Ball 1-0: Reached on error, E5 (Groundball, 5L, EV 86.2 MPH) Tim Olsen to second
|
Batting: RHB Danny Gallo
|
0-0: Called Strike 0-1: Foul Ball, location: 2F 0-2: Fielders Choice at 2nd, 3-6 (Groundball, 34S, EV 87.5 MPH) Tim Olsen to third
|
Batting: LHB Ichiro Toyota
|
0-0: SINGLE (Line Drive, 7S, EV 101.2 MPH) Tim Olsen scores Danny Gallo to second
|
Batting: RHB Mark Marks
|
0-0: Called Strike 0-1: Foul Ball, location: 2F 0-2: Fielders Choice at 2nd, 6-4 (Groundball, 6, EV 103.1 MPH) Danny Gallo to third
|
Batting: RHB Dave Cluster
|
0-0: Called Strike 0-1: Ball 1-1: Called Strike 1-2: Ball 2-2: Ball 3-2: Ground out U3 (Groundball, 3L, EV 103.1 MPH)
|
Bottom of the 1st over - 3 runs, 3 hits, 1 error, 2 left on base; Reading 0 - Springfield 3 |
TOP OF THE 2ND |
Reading Fightin Phils batting - Pitching for Springfield Cardinals : RHP Elijah Daniels
|
Batting: RHB Mark Schultz
|
0-0: Ball 1-0: Foul Ball, location: 2F 1-1: Swinging Strike 1-2: Ball 2-2: Fly out, F8 (Flyball, 78D, EV 100.6 MPH)
|
Batting: RHB Kyle Reilly
|
0-0: Ball 1-0: Ball 2-0: Ball 3-0: Base on Balls
|
Batting: RHB Zach Downs
|
0-0: Called Strike Kyle Reilly steals 2nd base 0-1: Ball 1-1: Called Strike 1-2: Foul Ball, location: 2F 1-2: Ground out 6-3 (Groundball, P, EV 88.1 MPH) Kyle Reilly to third
|
Batting: RHB Carlos Morejon
|
0-0: Called Strike 0-1: Ball 1-1: Foul Ball, location: 2F 1-2: Ball 2-2: Ball 3-2: SINGLE (Groundball, 6S, EV 61.9 MPH) (infield hit) Kyle Reilly scores
|
Batting: RHB Steve Jones
|
0-0: Foul Ball, location: 2F 0-1: Swinging Strike 0-2: Fly out, F4 (Flyball, 4MD, EV 83.8 MPH)
|
Top of the 2nd over - 1 run, 1 hit, 0 errors, 1 left on base; Reading 1 - Springfield 3 |
BOTTOM OF THE 2ND |
Springfield Cardinals batting - Pitching for Reading Fightin Phils : LHP Phuck II
|
Batting: LHB Yeong-hun Joe
|
0-0: Called Strike 0-1: Ball 1-1: Ball 2-1: Called Strike 2-2: Ball 3-2: Foul Ball, location: 2F 3-2: Foul Ball, location: 2F 3-2: Strikes out looking
|
Batting: RHB Tim Nettles
|
0-0: Called Strike 0-1: Swinging Strike 0-2: Ball 1-2: Strikes out swinging
|
Batting: RHB John Parra
|
0-0: Called Strike 0-1: Ball 1-1: Called Strike 1-2: Foul Ball, location: 2F 1-2: Foul Ball, location: 2F 1-2: Ground out 6-3 (Groundball, 6, EV 79.4 MPH)
|
Bottom of the 2nd over - 0 runs, 0 hits, 0 errors, 0 left on base; Reading 1 - Springfield 3 |
TOP OF THE 3RD |
Reading Fightin Phils batting - Pitching for Springfield Cardinals : RHP Elijah Daniels
|
Batting: LHB Osamu Kubo
|
0-0: Ball 1-0: Ball 2-0: Foul Ball, location: 2F 2-1: Foul Ball, location: 2F 2-2: Ball 3-2: Ground out 6-3 (Groundball, 6, EV 102.5 MPH)
|
Batting: RHB Alberto Ramirez
|
0-0: Foul Ball, location: 2F 0-1: Ball 1-1: Ground out 4-3 (Groundball, 4, EV 86.2 MPH)
|
Batting: SHB Benjamin Brown
|
0-0: Ball 1-0: Ball 2-0: Swinging Strike 2-1: Ground out U3 (Groundball, 3S, EV 85.6 MPH)
|
Top of the 3rd over - 0 runs, 0 hits, 0 errors, 0 left on base; Reading 1 - Springfield 3 |
BOTTOM OF THE 3RD |
Springfield Cardinals batting - Pitching for Reading Fightin Phils : LHP Phuck II
|
Batting: LHB Tim Olsen
|
0-0: Foul Ball, location: 2F 0-1: Foul Ball, location: 2F 0-2: Ball 1-2: Strikes out swinging
|
Batting: RHB Jason Keller
|
0-0: Ball 1-0: Foul Ball, location: 2F 1-1: Ground out 4-3 (Groundball, 4M, EV 98.1 MPH)
|
Batting: RHB Danny Gallo
|
0-0: Ball 1-0: Fly out, F6 (Popup, P, EV 87.5 MPH)
|
Bottom of the 3rd over - 0 runs, 0 hits, 0 errors, 0 left on base; Reading 1 - Springfield 3 |
TOP OF THE 4TH |
Reading Fightin Phils batting - Pitching for Springfield Cardinals : RHP Elijah Daniels
|
Batting: LHB Jose Fierro
|
0-0: Ball 1-0: Fly out, F4 (Popup, 4, EV 54.4 MPH)
|
Batting: RHB Mark Schultz
|
0-0: Called Strike 0-1: Ball 1-1: Fly out, F8 (Flyball, 8RD, EV 100.6 MPH)
|
Batting: RHB Kyle Reilly
|
0-0: Ball 1-0: Fly out, F5 (Flyball, 5D, EV 89.4 MPH)
|
Top of the 4th over - 0 runs, 0 hits, 0 errors, 0 left on base; Reading 1 - Springfield 3 |
BOTTOM OF THE 4TH |
Springfield Cardinals batting - Pitching for Reading Fightin Phils : LHP Phuck II
|
Batting: LHB Ichiro Toyota
|
0-0: SINGLE (Line Drive, 4D, EV 95.0 MPH)
|
Batting: RHB Mark Marks
|
0-0: Ball 1-0: Ball 2-0: Called Strike 2-1: Called Strike 2-2: Ball 3-2: Foul Ball, location: 2F 3-2: Foul Ball, location: 2F 3-2: Foul Ball, location: 2F 3-2: Base on Balls Ichiro Toyota to second
|
Batting: RHB Dave Cluster
|
0-0: Hit by Pitch Ichiro Toyota to third Mark Marks to second
|
Batting: LHB Yeong-hun Joe
|
0-0: Grounds into fielders choice 3-2 (Groundball, 34S, EV 85.0 MPH) Mark Marks to third Dave Cluster to second
|
Batting: RHB Tim Nettles
|
0-0: Foul Ball, location: 2F 0-1: Ball 1-1: Swinging Strike 1-2: Foul Ball, location: 2F 1-2: Ball 2-2: Foul Ball, location: 2F 2-2: Ball 3-2: Fly out, F9 (Flyball, 89M, EV 87.5 MPH) Runner from 3rd tags up, SCORES, throw by RF Dave Cluster to third
|
Batting: RHB John Parra
|
0-0: Ball 1-0: Ball Wild Pitch! Dave Cluster scores Yeong-hun Joe to second 2-0: Ball 3-0: Foul Ball, location: 2F 3-1: Base on Balls
|
Pitching: RHP Javier Trujillo
|
|
Batting: LHB Tim Olsen
|
0-0: Ball 1-0: Ground out 1-3 (Groundball, 13S, EV 61.9 MPH)
|
Bottom of the 4th over - 2 runs, 1 hit, 0 errors, 2 left on base; Reading 1 - Springfield 5 |
TOP OF THE 5TH |
Reading Fightin Phils batting - Pitching for Springfield Cardinals : RHP Elijah Daniels
|
Batting: RHB Zach Downs
|
0-0: Called Strike 0-1: Ball 1-1: Fly out, F7 (Line Drive, 7, EV 96.9 MPH)
|
Batting: RHB Carlos Morejon
|
0-0: Ground out 5-3 (Groundball, 5S, EV 86.9 MPH)
|
Batting: RHB Steve Jones
|
0-0: Ball 1-0: Called Strike 1-1: Ball 2-1: Swinging Strike 2-2: Foul Ball, location: 2F 2-2: Ball 3-2: SINGLE (Groundball, 25, EV 66.9 MPH) (infield hit)
|
Batting: LHB Osamu Kubo
|
0-0: Ball 1-0: SINGLE (Groundball, 6S, EV 66.2 MPH) (infield hit) Steve Jones to second
|
Batting: RHB Alberto Ramirez
|
0-0: Fly out, F8 (Flyball, 89D, EV 98.1 MPH)
|
Top of the 5th over - 0 runs, 2 hits, 0 errors, 2 left on base; Reading 1 - Springfield 5 |
BOTTOM OF THE 5TH |
Springfield Cardinals batting - Pitching for Reading Fightin Phils : RHP Javier Trujillo
|
Batting: RHB Jason Keller
|
0-0: Ball 1-0: Foul Ball, location: 2F 1-1: Foul Ball, location: 2F 1-2: Ball 2-2: Fly out, F4 (Flyball, 3D, EV 86.9 MPH)
|
Batting: RHB Danny Gallo
|
0-0: Ball 1-0: Foul Ball, location: 2F 1-1: Foul Ball, location: 2F 1-2: Strikes out swinging
|
Batting: LHB Ichiro Toyota
|
0-0: Called Strike 0-1: Ball 1-1: Ground out 4-3 (Groundball, 4S, EV 90.0 MPH)
|
Bottom of the 5th over - 0 runs, 0 hits, 0 errors, 0 left on base; Reading 1 - Springfield 5 |
TOP OF THE 6TH |
Reading Fightin Phils batting - Pitching for Springfield Cardinals : RHP Elijah Daniels
|
Batting: SHB Benjamin Brown
|
0-0: Fly out, F6 (Line Drive, 6, EV 67.5 MPH)
|
Batting: LHB Jose Fierro
|
0-0: Ground out 6-3 (Groundball, 6S, EV 69.4 MPH)
|
Batting: RHB Mark Schultz
|
0-0: Ball 1-0: Called Strike 1-1: Ball 2-1: Foul Ball, location: 2F 2-2: Strikes out looking
|
Top of the 6th over - 0 runs, 0 hits, 0 errors, 0 left on base; Reading 1 - Springfield 5 |
BOTTOM OF THE 6TH |
Springfield Cardinals batting - Pitching for Reading Fightin Phils : RHP Javier Trujillo
|
Batting: RHB Mark Marks
|
0-0: Swinging Strike 0-1: Ball 1-1: Swinging Strike 1-2: Ball 2-2: Ball 3-2: Foul Ball, location: 2F 3-2: Base on Balls
|
Batting: RHB Dave Cluster
|
0-0: Foul Ball, location: 2F 0-1: Fielders Choice at 2nd, 6-4 (Groundball, 6, EV 78.8 MPH)
|
Batting: LHB Yeong-hun Joe
|
0-0: Ball 1-0: Ball 2-0: Ball 3-0: Base on Balls Dave Cluster to second
|
Batting: RHB Tim Nettles
|
0-0: Ball 1-0: Called Strike 1-1: Ball 2-1: Swinging Strike 2-2: Strikes out swinging
|
Batting: RHB John Parra
|
0-0: Fly out, F8 (Flyball, 8LM, EV 91.9 MPH)
|
Bottom of the 6th over - 0 runs, 0 hits, 0 errors, 2 left on base; Reading 1 - Springfield 5 |
TOP OF THE 7TH |
Reading Fightin Phils batting - Pitching for Springfield Cardinals : RHP Elijah Daniels
|
Batting: RHB Kyle Reilly
|
0-0: Fly out, F3 (Line Drive, 3, EV 65.0 MPH)
|
Batting: RHB Zach Downs
|
0-0: Ball 1-0: Foul Ball, location: 2F 1-1: Ground out 4-3 (Groundball, 4, EV 75.6 MPH)
|
Batting: RHB Carlos Morejon
|
0-0: Called Strike 0-1: Ball 1-1: Ball 2-1: Fly out, F8 (Line Drive, 8RM, EV 88.8 MPH)
|
Top of the 7th over - 0 runs, 0 hits, 0 errors, 0 left on base; Reading 1 - Springfield 5 |
BOTTOM OF THE 7TH |
Springfield Cardinals batting - Pitching for Reading Fightin Phils : RHP Javier Trujillo
|
Batting: LHB Tim Olsen
|
0-0: Foul Ball, location: 2F 0-1: Ball 1-1: Ball 2-1: Ball 3-1: Called Strike 3-2: Strikes out swinging
|
Batting: RHB Jason Keller
|
0-0: Ball 1-0: Ground out 5-3 (Groundball, 56, EV 77.5 MPH)
|
Batting: RHB Danny Gallo
|
0-0: Foul Ball, location: 2F 0-1: DOUBLE (Flyball, 78D, EV 91.2 MPH)
|
Batting: LHB Ichiro Toyota
|
0-0: Ball 1-0: Ball 2-0: Ball 3-0: Called Strike 3-1: Base on Balls
|
Batting: RHB Mark Marks
|
0-0: Ball 1-0: Ground out 4-3 (Groundball, 4, EV 104.4 MPH)
|
Bottom of the 7th over - 0 runs, 1 hit, 0 errors, 2 left on base; Reading 1 - Springfield 5 |
TOP OF THE 8TH |
Reading Fightin Phils batting - Pitching for Springfield Cardinals : RHP Elijah Daniels
|
Batting: RHB Steve Jones
|
0-0: Ground out 4-3 (Groundball, 4, EV 80.6 MPH)
|
Batting: LHB Osamu Kubo
|
0-0: Called Strike 0-1: Foul Ball, location: 2F 0-2: Foul Ball, location: 2F 0-2: Ball 1-2: DOUBLE (Flyball, 89XD, EV 102.5 MPH)
|
Batting: RHB Alberto Ramirez
|
0-0: Called Strike 0-1: Ball 1-1: Fly out, F8 (Flyball, 8RS, EV 79.4 MPH)
|
Batting: SHB Benjamin Brown
|
0-0: Called Strike 0-1: Called Strike 0-2: Strikes out looking
|
Top of the 8th over - 0 runs, 1 hit, 0 errors, 1 left on base; Reading 1 - Springfield 5 |
BOTTOM OF THE 8TH |
Springfield Cardinals batting - Pitching for Reading Fightin Phils : RHP Javier Trujillo
|
Pitching: RHP John Gloe
|
|
Batting: RHB Dave Cluster
|
0-0: Ball 1-0: Foul Ball, location: 2F 1-1: Ball 2-1: Foul Ball, location: 2F 2-2: Strikes out looking
|
Batting: LHB Yeong-hun Joe
|
0-0: Swinging Strike 0-1: Called Strike 0-2: Strikes out swinging
|
Batting: RHB Tim Nettles
|
0-0: Ball 1-0: Ball 2-0: Fly out, F4 (Popup, 13, EV 85.6 MPH)
|
Bottom of the 8th over - 0 runs, 0 hits, 0 errors, 0 left on base; Reading 1 - Springfield 5 |
TOP OF THE 9TH |
Reading Fightin Phils batting - Pitching for Springfield Cardinals : RHP Elijah Daniels
|
Batting: LHB Jose Fierro
|
0-0: Swinging Strike 0-1: Called Strike 0-2: Ball 1-2: Fly out, F8 (Flyball, 8RXD, EV 94.4 MPH)
|
Batting: RHB Mark Schultz
|
0-0: Ball 1-0: Foul Ball, location: 2F 1-1: Swinging Strike 1-2: Ground out 6-3 (Groundball, 6, EV 104.4 MPH)
|
Batting: RHB Kyle Reilly
|
0-0: Swinging Strike 0-1: Ball 1-1: Swinging Strike 1-2: Fly out, F9 (Flyball, 9, EV 81.9 MPH)
|
Top of the 9th over - 0 runs, 0 hits, 0 errors, 0 left on base; Reading 1 - Springfield 5 |
|